 Dungeon Crawl Stone Soup version 0.27-a0-637-g3a9f0a9c12 (webtiles) character file.

Game seed: 10727408790605099312

3091 Johnny the Thaumaturge (level 9, -15/59 HPs)
             Began as a Deep Elf Earth Elementalist on Mar 14, 2021.
             Was a Priest of Okawaru.
             Killed from afar by Erica (23 damage)
             ... with a bolt of poison
             ... on level 8 of the Dungeon.
             The game lasted 00:09:38 (11709 turns).

Johnny the Thaumaturge (DEEE)                      Turns: 11709, Time: 00:09:38

Health: -15/59     AC:  7    Str:  5    XL:     9   Next: 59%
Magic:  11/24      EV: 11    Int: 24    God:    Okawaru [***...]
Gold:   428        SH:  0    Dex: 15    Spells: 11/26 levels left

rFire    . . .     SeeInvis .   y - +2 whip (venom)
rCold    . . .     Faith    .   (no shield)
rNeg     + . .     Spirit   .   n - +0 acid dragon scales
rPois    .         Reflect  .   (no helmet)
rElec    .         Harm     .   (no cloak)
rCorr    +         Rampage  .   (no gloves)
Will     .....                  a - +0 pair of boots
Stlth    ++........             (no amulet)
HPRegen  0.19/turn              w - ring of positive energy
MPRegen  0.19/turn              (no ring)

@: lethally poisoned (-15 -> -22), very slightly contaminated, invisible
A: no striking features
a: Renounce Religion, Heroism


You were on level 8 of the Dungeon.
You worshipped Okawaru.
Okawaru was most pleased with you.
You visited 2 branches of the dungeon, and saw 9 of its levels.

You collected 428 gold pieces.

Inventory:

Hand Weapons
 h - a +0 short sword
 l - a +1 hand axe of electrocution
 y - a +2 whip of venom (weapon)
Missiles
 b - 172 stones
Armour
 a - a +0 pair of boots (worn)
 c - a +0 robe
 n - +0 acid dragon scales (worn)
Magical Staves
 B - a staff of air
Jewellery
 w - a ring of positive energy (right hand)
Wands
 s - a wand of flame (18)
Scrolls
 g - 3 scrolls of teleportation
 i - 4 scrolls of amnesia
 j - a scroll of immolation
 k - 4 scrolls of blinking
 m - 3 scrolls of fear
 r - a scroll of enchant armour {unknown}
 v - 2 scrolls of magic mapping {unknown}
 x - a scroll of noise {unknown}
Potions
 d - 4 potions of curing
 e - a potion of brilliance
 f - 2 potions of cancellation
 o - 2 potions of flight
 q - 3 potions of haste
 u - a potion of heal wounds {unknown}
 z - a potion of magic {unknown}
 A - a potion of mutation {unknown}


   Skills:
 * Level 8.0 Fighting
 - Level 2.4 Dodging
 - Level 2.4 Stealth
 + Level 9.2 Spellcasting
 - Level 1.1 Transmutations
 + Level 8.1 Earth Magic


You had 11 spell levels left.
You knew the following spells:

 Your Spells              Type           Power      Damage    Failure   Level
a - Sandblast             Erth           100%       2d20      1%          1
b - Stone Arrow           Conj/Erth      60%        3d10      7%          3
c - Lee's Rapid Deconstr  Erth           25%        3d15*     12%         5
d - Petrify               Tmut/Erth      33%        N/A       19%         4
e - Passwall              Tmut/Erth      27%        N/A       2%          2

Your spell library contained the following spells:

 Spells                   Type           Power      Damage    Failure   Level


Dungeon Overview and Level Annotations

Branches:
Dungeon (8/15)             Temple (1/1) D:4
   Lair: D:8-11

Altars:
Cheibriados
Dithmenos
Elyvilon
Fedhas
Gozag
Hepliaklqana
Kikubaaqudgha
Makhleb
Nemelex Xobeh
Okawaru
Qazlal
Ru
Sif Muna
Trog
Uskayaw
Vehumet
Wu Jian
Xom
Yredelemnul
Zin
The Shining One

Annotations:
D:1 1 runed translucent door
D:8 2 runed translucent doors, Azunone's ghost, novice TrHu; Erica


Message History

You hit something but do no damage.
You feel sick.
You hit something but do no damage.
You feel sick.
You barely miss something.
You feel sick.
You hit something.
You feel sick.
You hit something.
You feel sick.
You hear some strange, mumbled words.
Something tries to affect you, but you resist.
You hit something but do no damage.
You feel sick. Something hits you but does no damage.
You closely miss something. Something hits you. Something burns you.
You closely miss something.
You feel sick. Something hits you!
* * * LOW HITPOINT WARNING * * *
Something burns you.
* * * LOW HITPOINT WARNING * * *
You miss something.
You feel sick. Something hits you.
* * * LOW HITPOINT WARNING * * *
Something burns you.
* * * LOW HITPOINT WARNING * * *
You miss something.
Unknown command.
You feel better. Something hits you!
* * * LOW HITPOINT WARNING * * *
Something burns you.
* * * LOW HITPOINT WARNING * * *
Okay, then.
You feel better. Something hits you.
* * * LOW HITPOINT WARNING * * *
Something burns you.
* * * LOW HITPOINT WARNING * * *
Okay, then.
You fade into invisibility!
You hear some strange, mumbled words.
Something tries to affect you, but you resist.
You are very lightly contaminated with residual magic.
You hear some strange, mumbled words.
A bolt of poison appears from out of thin air!
The bolt of poison hits the bullfrog zombie.
The bullfrog zombie completely resists.
The bolt of poison hits you!!
You are poisoned.
You die...

.$..................## #...
.......#............ #...
#......###...†...... #...
##..... ............ #...
....... #$.##.##.... #...
.......###.###...... #...
.................... ....
......(............. ###....
........@....... .#......
..#...Z##....## ....##.
##....#........#.......
#.....#...........#....
#...{## #....#...###... .
##.....###.....#...##...
..###......Z.......#........
...........####.......####.#
#...>......# #.........##..#


You could see a bullfrog zombie (wandering).

Vanquished Creatures
  Maggie (D:8)
  Grinder (D:5)
  Menkaure (D:4)
  An orc warrior (D:7)
  3 ice beasts
  2 ogres
  3 centaurs
  3 phantoms (D:7)
  2 bullfrogs
  3 scorpions
  A howler monkey (D:6)
  2 centaur zombies
  2 gnoll shamans
  A jelly (D:5)
  3 hounds
  An orc priest (D:7)
  3 iguanas
  3 centaur skeletons
  2 bullfrog skeletons (D:7)
  3 orc wizards
  7 worker ants
  A hound zombie (D:7)
  A worker ant zombie (D:8)
  19 gnolls
  9 adders
  2 shadow imps
  3 ufetubi (D:5)
  2 adder skeletons (D:4)
  2 adder zombies
  5 worms
  4 dart slugs
  6 leopard geckos
  18 orcs
  4 bats
  A bat zombie (D:2)
  4 giant cockroaches
  3 goblins
  6 hobgoblins
  13 jackals
  8 kobolds
  A quokka (D:8)
  9 frilled lizards
  A jackal skeleton (D:5)
  A quokka skeleton (D:6)
  3 rats (D:1)
  2 rat zombies (D:2)
176 creatures vanquished.

Notes
Turn   | Place    | Note
-------+----------+-------------------------------------------
     0 | D:1      | Johnny the Deep Elf Earth Elementalist began the quest for
                  | the Orb.
     0 | D:1      | Reached XP level 1. HP: 10/10 MP: 6/6
     1 | D:1      | Found a runed translucent door.
   112 | D:1      | Reached XP level 2. HP: 7/16 MP: 0/8
   302 | D:1      | Reached skill level 1 in Fighting
  1298 | D:2      | Reached XP level 3. HP: 10/20 MP: 5/10
  1892 | D:2      | Learned a level 2 spell: Passwall
  2207 | D:2      | Found an ancient bone altar of Kikubaaqudgha.
  2567 | D:2      | Reached XP level 4. HP: 26/26 MP: 11/11
  2875 | D:3      | Reached skill level 4 in Spellcasting
  3827 | D:3      | Reached XP level 5. HP: 28/31 MP: 13/13
  4365 | D:4      | Found a staircase to the Ecumenical Temple.
  4517 | D:4      | Noticed Menkaure
  4529 | D:4      | Killed Menkaure
  4530 | D:4      | Reached skill level 5 in Spellcasting
  4530 | D:4      | Reached XP level 6. HP: 15/38 MP: 11/15
  4542 | Temple   | Entered the Ecumenical Temple
  4824 | Temple   | Became a worshipper of Warmaster Okawaru
  5405 | D:4      | Reached skill level 5 in Earth Magic
  5764 | D:5      | Entered Level 5 of the Dungeon
  5914 | D:5      | Reached XP level 7. HP: 28/43 MP: 15/17
  5918 | D:5      | Learned a level 3 spell: Stone Arrow
  6299 | D:5      | Reached skill level 6 in Spellcasting
  6436 | D:5      | Reached * piety under Okawaru
  6568 | D:5      | Noticed Grinder
  6574 | D:5      | Reached skill level 5 in Fighting
  7034 | D:5      | Reached XP level 8. HP: 23/49 MP: 6/20
  7159 | D:5      | Killed Grinder
  7160 | D:5      | Reached skill level 7 in Spellcasting
  7170 | D:5      | Reached ** piety under Okawaru
  9158 | D:7      | Reached skill level 8 in Spellcasting
  9464 | D:7      | Reached XP level 9. HP: 24/56 MP: 8/23
  9653 | D:7      | Found a hide-covered altar of Uskayaw.
  9653 | D:7      | Found a blossoming altar of Fedhas.
  9655 | D:7      | Found a hazy altar of Hepliaklqana.
  9940 | D:7      | Found a bloodstained altar of Trog.
 10596 | D:7      | Found a white marble altar of Elyvilon.
 10763 | D:8      | Noticed Maggie
 10770 | D:8      | Killed Maggie
 10770 | D:8      | Reached *** piety under Okawaru
 10771 | D:8      | Reached skill level 9 in Spellcasting
 10898 | D:8      | Found a runed translucent gate.
 10898 | D:8      | Found a runed translucent gate.
 10898 | D:8      | Noticed Azunone's ghost (novice TrHu)
 10931 | D:8      | Noticed Erica
 11226 | D:8      | Learned a level 5 spell: Lee's Rapid Deconstruction
 11231 | D:8      | Learned a level 4 spell: Petrify
 11709 | D:8      | Killed from afar by Erica

Illustrated notes

Levels and vault maps discovered:
D:1:      dpeg_arrival_caged_fury, layout_basic
D:2:      layout_loops_corners, lemuel_zombie_altar_kikubaaqudgha,
          due_unseen_surprise
D:3:      layout_rooms
D:4:      layout_gridville, minmay_temple_entry_waves, minmay_three_crescents,
          uniq_menkaure
D:5:      layout_rooms, uniq_grinder
D:6:      layout_cave_pods
D:7:      layout_rooms, kennysheep_mini_moat, nicolae_overflow_hidden_temple,
          nicolae_elyvilon_peaceful_grove
D:8:      layout_cave_pools, kennysheep_mini, basic_altar,
          gammafunk_ghost_split, grunt_ministairs_14, minmay_mini_ossuary,
          uniq_erica, uniq_maggie
Temple:   regret_index_temple_waves

Skill      XL: |  1  2  3  4  5  6  7  8  9 |
---------------+----------------------------+-----
Fighting       | 1 2 3 4 5 6 8 |  8.0
Spellcasting   | 4 5 6 8 9 |  9.2
Earth Magic    | 4 5 6 7 8 |  8.1
Dodging        | |  2.4
Stealth        | |  2.4
Transmutations | |  1.1

Action                   |  1- 3 |  4- 6 |  7- 9 || total
-------------------------+-------+-------+-------++-------
Melee: Unarmed           |    71 |       |       ||    71
       Short sword       |    65 |    40 |       ||   105
       Hand axe          |       |    53 |    11 ||    64
       Whip              |       |       |   142 ||   142
 Cast: Sandblast         |    39 |    47 |    25 ||   111
       Passwall          |     2 |       |       ||     2
       Stone Arrow       |       |       |    94 ||    94
       Petrify           |       |       |     3 ||     3
       Lee's Rapid Decon |       |       |     1 ||     1
Evoke: Wand              |       |     7 |    19 ||    26
  Use: Scroll            |       |       |    17 ||    17
       Potion            |       |       |     3 ||     3
 Stab: Sleeping          |     9 |     3 |     2 ||    14
       Paralysed         |       |       |     3 ||     3
       Distracted        |       |       |     1 ||     1
Armor: Robe              |    21 |    35 |    27 ||    83
       Acid dragon scale |       |       |     9 ||     9
Dodge: Dodged            |    89 |    81 |   130 ||   300

Table legend: (Time is in decaauts)
 A = Elapsed time spent in this place.
 B = Non-inter-level travel time spent in this place.
 C = Inter-level travel time spent in this place.
 D = Time resting spent in this place.
 E = Time spent auto-exploring this place.
 F = Levels seen in this place.
 G = Mean time per level.
                   A        B        C        D        E       F      G
               +--------+--------+--------+--------+--------+-----+--------+
         Total |  11764 |  11542 |    222 |   2694 |   7469 |   9 | 1307.1 |
       Dungeon |  11455 |  11258 |    197 |   2694 |   7190 |   8 | 1431.9 |
        Temple |    308 |    283 |     25 |      0 |    279 |   1 |  308.0 |
               +--------+--------+--------+--------+--------+-----+--------+

Top non-repeatable levels by time:
     D:7: 2400 daAuts
     D:5: 1801 daAuts
     D:2: 1599 daAuts
     D:4: 1547 daAuts
     D:1: 1265 daAuts
     D:6: 1194 daAuts
     D:3: 1064 daAuts
     D:8: 582 daAuts
  Temple: 308 daAuts
